 Dungeon Crawl Stone Soup version 0.21-a0-153-g78480df (webtiles) character file.

23 4thArraOfDagon the Covered (level 3, -15/26 HPs)
             Began as a Gnoll Wanderer on Aug 1, 2017.
             Demolished by an ogre
             ... wielding a +0 giant club
              (16 damage)
             ... on level 4 of the Dungeon.
             The game lasted 00:01:51 (479 turns).

4thArraOfDagon the Covered (Gnoll Wanderer)          Turns: 479, Time: 00:01:52

Health: -15/26     AC:  9    Str:  7    XL:     3   Next: 0%
Magic:  3/3        EV:  8    Int:  7    God:
Gold:   40         SH:  0    Dex:  7    Spells: 2/2 levels left

rFire    . . .     SeeInvis .   j - +0 blowgun
rCold    . . .     Gourm    .   (no shield)
rNeg     . . .     Faith    .   a - +2 scale mail
rPois    .         Spirit   .   (no helmet)
rElec    .         Reflect  .   (no cloak)
rCorr    .         Harm     .   (no gloves)
MR       .....                  (no boots)
Stlth    ..........             (no amulet)
HPRegen  0.08/turn              (no ring)
MPRegen  0.08/turn              (no ring)

@: no status effects
A: unchanging attributes, fangs 1, strong nose
a: no special abilities


You were on level 4 of the Dungeon.
You were not hungry.

You visited 1 branch of the dungeon, and saw 4 of its levels.

You collected 40 gold pieces.

Inventory:

Hand Weapons
 b - a +0 hand axe
 e - a +1 hand axe of holy wrath
 j - a +0 blowgun (weapon)
Missiles
 k - 12 poisoned needles (quivered)
Armour
 a - a +2 scale mail (worn)
Scrolls
 g - a scroll of enchant armour {unknown}
 h - a scroll of blinking {unknown}
 i - 3 scrolls of identify {unknown}
Potions
 c - a potion of curing
Comestibles
 d - 2 bread rations
 f - a meat ration


   Skills:
 - Level 1.3 Fighting
 * Level 2.1 Axes
   Level 2.6 Bows
 + Level 6.8 Armour
 + Level 1.8 Dodging
 - Level 1.2 Stealth
   Level 1.3 Shields


You had 2 spell levels left.
You didn't know any spells.

Dungeon Overview and Level Annotations

Branches:
Dungeon (4/15)
 Temple: D:4-7

Altars:


Innate Abilities, Weirdness & Mutations

Your physical attributes are unchanging.
You have very sharp teeth.
Your uncanny sense of smell can sniff out nearby items.


Message History

You shoot a poisoned needle. The poisoned needle hits the ogre.
The ogre looks even sicker.
The ogre is lightly wounded.
Firing (i - inventory):
k - 14 poisoned needles (quivered)
Press: ? - help, Shift-Dir - straight line, f/p - ogre
Aim: an ogre, wielding a giant club (moderately wounded, poisoned)
You shoot a poisoned needle.
The poisoned needle closely misses the ogre.
The ogre hits you with a giant club!!
Ouch! That really hurt!
* * * LOW HITPOINT WARNING * * *
Unknown command.
Firing (i - inventory):
k - 13 poisoned needles (quivered)
Press: ? - help, Shift-Dir - straight line, f/p - ogre
Aim: an ogre, wielding a giant club (moderately wounded, poisoned)
You shoot a poisoned needle.
The poisoned needle barely misses the ogre.
The ogre hits you with a giant club!
Ouch! That really hurt!
You die...

∆ ### #.#########
#.........#
####..###.########
#..#...<......#
#..#.#.######.#
#....@.######
########.##O####.#.#.#.#.
.........##.###....(..(.(
###########....#.#.#.#.#.
#.##..........
#.####.#.#.#.# #.#
........ #.. #.#.#.#.#
#.# ..........


You could see an ogre.

Vanquished Creatures
  A hound skeleton (D:4)
  A leopard gecko (D:3)
  An orc (D:3)
  2 goblins
  2 hobgoblins
  A bat (D:2)
  A kobold (D:3)
  A rat (D:1)
10 creatures vanquished.

Notes
Turn   | Place    | Note
-------+----------+-------------------------------------------
     0 | D:1      | 4thArraOfDagon the Gnoll Wanderer began the quest for the Orb.
     0 | D:1      | 4thArraOfDagon set off with: a +2 scale mail, a +0 hand axe, a potion of curing, a bread ration
     0 | D:1      | Reached XP level 1. HP: 15/15 MP: 1/1
    70 | D:1      | Reached skill level 1 in Axes
   105 | D:2      | Reached skill level 1 in Dodging
   184 | D:3      | Reached XP level 2. HP: 9/21 MP: 2/2
   402 | D:4      | Reached XP level 3. HP: 26/26 MP: 3/3
   404 | D:4      | Noticed an ogre
   464 | D:4      | Noticed an ogre
   478 | D:4      | HP: 1/26 [ogre/giant club (25)]
   479 | D:4      | Demolished by an ogre

Vault maps used:
D:1:      dpeg_arrival_arbitrary_c, grunt_decor_arrowhead,
          palyth_stone_intersect
D:2:      minmay_wonky_spiral, minmay_misc_feat_plants
D:3:      first_bread
D:4:      minmay_misc_feat_tiny, st_stairs_10, kennysheep_cross_bottleneck

Skill      XL: |  1  2 |
---------------+-------+-----
Axes           | 1 2 |  2.1
Dodging        | 1 |  1.8
Fighting       | |  1.3
Bows           | |  2.6
Armour         | |  6.8
Stealth        | |  1.2
Shields        | |  1.3

Action                   || total
-------------------------++-------
Melee: Hand axe          ||    68
       Bite              ||     2
 Fire: Blowgun           ||     7
  Use: Potion            ||     1
Armor: Scale mail        ||    43
Dodge: Dodged            ||    47
